 Dungeon Crawl Stone Soup version 0.25.0-15-gac7dcb8919 (webtiles) character file.

Game seed: 7273592790657395637

0 Esekla the Ducker (level 1, -2/13 HPs)
             Began as a Deep Elf Abyssal Knight on June 28, 2020.
             Was a Follower of Lugonu.
             Slain by a spatial maelstrom (11 damage)
             ... on level 1 of the Abyss.
             The game lasted 00:01:26 (152 turns).

Esekla the Ducker (Deep Elf Abyssal Knight)          Turns: 152, Time: 00:01:27

Health: -2/13      AC:  3    Str:  9    XL:     1   Next: 0%
Magic:  4/4        EV: 12    Int: 16    God:    Lugonu [*.....]
Gold:   6          SH:  0    Dex: 14    Spells: 0/0 levels left

rFire    . . .     SeeInvis .   a - +1 falchion
rCold    . . .     Gourm    .   (no shield)
rNeg     . . .     Faith    .   b - +0 leather armour
rPois    .         Spirit   .   (no helmet)
rElec    .         Reflect  .   (no cloak)
rCorr    .         Harm     .   (no gloves)
MR       .....                  (no boots)
Stlth    +.........             (no amulet)
HPRegen  0.04/turn              (no ring)
MPRegen  0.09/turn              (no ring)

@: no status effects
A: no striking features
a: Depart the Abyss, Renounce Religion


You were on level 1 of the Abyss.
You worshipped Lugonu.
Lugonu was aware of your devotion.
You were not hungry.

You visited 0 branches of the dungeon, and saw 0 of its levels.
You visited the Abyss 1 time.

You collected 6 gold pieces.

Inventory:

Hand Weapons
 a - a +1 falchion (weapon)
Armour
 b - a +0 leather armour (worn)
Scrolls
 d - a scroll of remove curse {unknown}
 f - a scroll of enchant armour {unknown}
Potions
 e - a potion of haste {unknown}
 g - 2 potions of curing {unknown}
Comestibles
 c - a ration


   Skills:
 + Level 2.4 Fighting
 + Level 1.7 Long Blades
 + Level 0.7 Armour
 * Level 2.4 Dodging
 + Level 2.0 Invocations


You couldn't memorise any spells.
You didn't know any spells.
Your spell library was empty.

Dungeon Overview and Level Annotations

Branches:
Dungeon (0/15)

Altars:


Message History

Found 2 red potions.
A spatial vortex comes into view.
The spatial vortex moves out of view.
The lurking horror explodes!
Your body is wracked with pain!
Found a scroll labeled AFIAHIAMATZ.
A spatial vortex comes into view. 3 spatial vortices come into view.
You see here 2 red potions.
g - 2 red potions A spatial vortex comes into view.
A spatial vortex and a spatial maelstrom come into view.
A spatial vortex comes into view.
The small abomination barely misses you.
You riposte.
You closely miss the small abomination. 2 spatial vortices come into view.
A spatial vortex comes into view.
The spatial maelstrom hits you!
Ouch! That really hurt!
You die...

#....##....#..## §#
#..........#..# .### #
### ........#.##.#.# .#
##... ...#.#v..#...##.#
#.#.....##.#..........#
.##.... #...##.X#...###
...........#.#..#...# .
##. #.#..#....v#x#.#
#.. #.###§.##.#@..# ..
..#.# #. # #.#.......##
..# .. # #..#....#..#
.. . # # #..#.....# ..
. .#.. #.. ..#### . ..
. . #. .... #.... .
.#.# #. ..# #.#. ##.#.
#..#.....#


You could see a spatial maelstrom, a spatial vortex (wandering), a large
abomination and a small abomination.

Vanquished Creatures (others)
  A lurking horror (Abyss:1)
1 creature vanquished.

Notes
Turn   | Place    | Note
-------+----------+-------------------------------------------
     0 | Abyss:1  | Esekla the Deep Elf Abyssal Knight began the quest for the
                  | Orb.
     0 | Abyss:1  | Reached XP level 1. HP: 13/13 MP: 4/4
     7 | Abyss:1  | Found a snail-covered altar of Cheibriados.
    71 | Abyss:1  | Noticed a raiju
   100 | Abyss:1  | Noticed a small abomination
   132 | Abyss:1  | Noticed a large abomination
   135 | Abyss:1  | Noticed a spatial vortex
   140 | Abyss:1  | Noticed a spatial vortex
   141 | Abyss:1  | Noticed a spatial vortex
   141 | Abyss:1  | Noticed a spatial vortex
   141 | Abyss:1  | Noticed a spatial vortex
   143 | Abyss:1  | Noticed a spatial vortex
   143 | Abyss:1  | Noticed a spatial maelstrom
   143 | Abyss:1  | Noticed a spatial vortex
   143 | Abyss:1  | Noticed a spatial vortex
   149 | Abyss:1  | Noticed a spatial vortex
   149 | Abyss:1  | Noticed a spatial vortex
   152 | Abyss:1  | Noticed a spatial vortex
   152 | Abyss:1  | Slain by a spatial maelstrom

Illustrated notes

Levels and vault maps discovered:
Abyss:1

Action                   || total
-------------------------++-------
Dodge: Dodged            ||     1
       Rpst.: Falchion   ||     1
